 Dungeon Crawl Stone Soup version 0.26-a0-18-g135ff06667 (webtiles) character file.

Game seed: 15788568978878938713, levelgen mode: deterministic

171384 Mrkan the Severer (level 17, -11/161 HPs)
             Began as a Minotaur Fighter on May 25, 2020.
             Was an Initiate of Gozag.
             Mangled by a tarantella (15 damage)
             ... on level 3 of the Spider Nest.
             The game lasted 01:40:02 (37214 turns).

Mrkan the Severer (Minotaur Fighter)               Turns: 37214, Time: 01:40:03

Health: -11/161    AC: 28    Str: 27    XL:     17   Next: 14%
Magic:  16/16      EV: 13    Int:  9    God:    Gozag
Gold:   5583       SH:  0    Dex: 10    Spells: 16/16 levels left

rFire    . . .     SeeInvis .   I - +1 broad axe
rCold    + . .     Gourm    .   F - +3 tower shield
rNeg     + . .     Faith    .   e - +0 crystal plate armour
rPois    +         Spirit   .   J - +2 hat {Int+3}
rElec    .         Reflect  .   (no cloak)
rCorr    .         Harm     .   A - +0 pair of gloves
MR       +....                  (no boots)
Stlth    ..........             Y - amulet "Teiha" {rC+ rN+ Regen+}
HPRegen  0.00/turn              u - +4 ring of evasion
MPRegen  0.15/turn              t - ring of poison resistance

@: confused, gold aura, very slow
A: retaliatory headbutt, horns 2, inhibited regeneration
}: 1/15 runes: barnacled
a: Potion Petition, Call Merchant, Bribe Branch, Renounce Religion


You were on level 3 of the Spider Nest.
You worshipped Gozag.
Gozag was greatly pleased with you.
You were very hungry.

You visited 5 branches of the dungeon, and saw 30 of its levels.
You also visited: Bailey.

You collected 13700 gold pieces.
You spent 2062 gold pieces at shops.
You paid 6055 gold pieces to Gozag.

Inventory:

Hand Weapons
 I - a +1 broad axe (weapon)
 O - a +5 morningstar
Missiles
 n - 126 poisoned darts (quivered)
 y - 10 curare-tipped darts
Armour
 b - the +9 plate armour "Sazulog" {SInv}
   (You found it on level 4 of the Shoals)

   It lets you see invisible.
 e - a +0 crystal plate armour (worn)
 A - a +0 pair of gloves (worn)
 F - a +3 tower shield (worn)
 J - a +2 hat of intelligence (worn)
Jewellery
 q - an uncursed ring of resist corrosion
 t - a ring of poison resistance (right hand)
 u - a +4 ring of evasion (left hand)
 x - an uncursed ring of see invisible
 Y - the amulet "Teiha" (around neck) {rC+ rN+ Regen+}
   (You found it on level 6 of the Lair of Beasts)

   [amulet of regeneration]

   It protects you from cold.
   It protects you from negative energy.
   It increases your rate of regeneration.
Wands
 c - a wand of enslavement (6)
 g - a wand of acid (15)
 G - a wand of paralysis (3)
 Q - a wand of clouds (7)
 R - a wand of iceblast (22)
 X - a wand of digging (14)
Scrolls
 h - 12 scrolls of remove curse
 k - 14 scrolls of teleportation
 m - 2 scrolls of immolation
 o - 6 scrolls of blinking
 r - 5 scrolls of amnesia
 H - 3 scrolls of fog
 K - 4 scrolls of identify
 L - 3 scrolls of magic mapping
 N - 2 scrolls of fear
Potions
 a - 3 potions of ambrosia
 d - 5 potions of might
 i - 6 potions of brilliance
 j - 7 potions of lignification
 l - 7 potions of haste
 s - 3 potions of cancellation
 v - 11 potions of curing
 w - 5 potions of mutation
 B - 2 potions of heal wounds
 C - 4 potions of flight
 D - 3 potions of berserk rage
 P - 3 potions of stabbing
 U - a potion of resistance
 V - 2 potions of invisibility
Comestibles
 f - 19 rations


   Skills:
 + Level 17.0 Fighting
 - Level 18.0 Axes
 + Level 17.2 Armour
 - Level 12.4 Dodging
 + Level 16.0 Shields


You had 16 spell levels left.
You didn't know any spells.
Your spell library contained the following spells:

 Spells                   Type           Power        Failure   Level  Hunger
 Corona                   Hex            #......      100%        1    ##.....
 Foxfire                  Conj/Fire      #...         100%        1    ##.....
 Freeze                   Ice            #...         100%        1    ##.....
 Magic Dart               Conj           #...         100%        1    ##.....
 Shock                    Conj/Air       #...         100%        1    ##.....
 Summon Butterflies       Summ           #.......     100%        1    ##.....
 Blink                    Tloc           N/A          100%        2    ###....
 Call Imp                 Summ           #.......     100%        2    ###....
 Ensorcelled Hibernation  Hex/Ice        #.....       100%        2    ###....
 Searing Ray              Conj           #.....       100%        2    ###....
 Slow                     Hex            #.......     100%        2    ###....
 Swiftness                Chrm/Air       #.......     100%        2    ###....
 Call Canine Familiar     Summ           #.......     100%        3    ####...
 Confusing Touch          Hex            #.......     100%        3    ####...
 Conjure Flame            Conj/Fire      #.......     100%        3    ####...
 Dazzling Flash           Conj/Hex       #.....       100%        3    ####...
 Frozen Ramparts          Ice            #.....       100%        3    ####...
 Inner Flame              Hex/Fire       #.......     100%        3    ####...
 Mephitic Cloud           Conj/Pois/Air  #.......     100%        3    ####...
 Ozocubu's Armour         Chrm/Ice       #.......     100%        3    ####...
 Static Discharge         Conj/Air       #.......     100%        3    ####...
 Tukima's Dance           Hex            #.......     100%        3    ####...
 Airstrike                Air            #.........   100%        4    #####..
 Cause Fear               Hex            #.........   100%        4    #####..
 Fulminant Prism          Conj/Hex       #.........   100%        4    #####..
 Hailstorm                Conj/Ice       #.......     100%        4    #####..
 Iskenderun's Mystic Bla  Conj/Tloc      #.......     100%        4    #####..
 Sticky Flame             Conj/Fire      #.......     100%        4    #####..
 Summon Ice Beast         Ice/Summ       #.......     100%        4    #####..
 Iskenderun's Battlesphe  Conj/Chrm      #.......     100%        5    ######.
 Lightning Bolt           Conj/Air       #.........   100%        5    ######.
 Summon Mana Viper        Hex/Summ       #.......     100%        5    ######.
 Freezing Cloud           Conj/Ice/Air   #.........   100%        6    #######
 Dragon Form              Tmut           #.........   100%        7    #######
 Summon Hydra             Summ           #.........   100%        7    #######
 Dragon's Call            Summ           #.........   100%        9    #######


Dungeon Overview and Level Annotations

Branches:
Dungeon (15/15)            Temple (0/1) D:4            Lair (6/6) D:10
 Shoals (4/4) Lair:3       Spider (3/4) Lair:4        Slime (0/5) Lair:6
    Orc (2/2) D:9             Elf (0/3) Orc:2        Vaults (0/5) D:13
 Depths (0/5) D:15         Bailey (visited)

Altars:
Cheibriados
Dithmenos
Gozag
Hepliaklqana
Kikubaaqudgha
Qazlal
Ru
Sif Muna
Trog
Xom
Yredelemnul
Beogh

Shops:
Orc:1 (   Orc:2 [(*:   Shoals:1 (   Shoals:2 [(

Annotations:
D:4 2 transporters, Menkaure
Lair:1 exclusion: oklob plant
Lair:4 exclusion: oklob plant
Shoals:2 Frances
Shoals:3 Nikola
Shoals:4 Polyphemus
Spider:1 3 runed translucent doors, Hastur's ghost, journeyman DsAr; PirateVox's ghost, adept GnFE


Innate Abilities, Weirdness & Mutations

You reflexively headbutt those who attack you in melee.
You have a pair of horns on your head.
You do not regenerate when monsters are visible.


Message History

The tarantella bites you!!
* * * LOW HITPOINT WARNING * * *
The demonic crawler gives a hideous shriek!
Your unstable footing causes you to fumble your attack.
The tarantella bites you.
* * * LOW HITPOINT WARNING * * *
The tarantella misses you.
The tarantella bites you but does no damage.
Okay, then.
You closely miss the demonic crawler.
The demonic crawler is no longer distracted by gold.
The demonic crawler is lightly wounded.
You miss the tarantella. You completely miss the tarantella.
The tarantella bites you but does no damage.
The tarantella bites you.
* * * LOW HITPOINT WARNING * * *
The demonic crawler becomes distracted by the nearby gold, dreaming of imaginary riches.
The tarantella misses you. The tarantella bites you!
You die...
Your body crumbles into a pile of gold.

#.. #............^
..#.....^...#......
#......#........... .
#.......#....#....^#.≈
#...................≈
#......#....#..#...#≈
#..#.....#.$$$.....#
#..ss#....><.......
#@$ss.$$........
#.$s#.^....#.s#...
#≈#....#..........^ $
#.^#.....#...#.....
##.................
^..#...#.....#....
...............≈...
.............#..#.
>###.. ......


You could see a demonic crawler (unaware), 2 tarantellas and 2 redbacks.

Vanquished Creatures
  Bai Suzhen (Shoals:3)
  Gastronok (Orc:1)
  Kirke (D:11)
  2 orc warlords
  An emperor scorpion (Spider:2)
  2 entropy weavers (Spider:2)
  A dire elephant (D:15)
  A merfolk javelineer (Shoals:3)
  2 fire dragons
  4 vault guards (D:13)
  9 hydras
  Fannar (D:11)
  Erica (D:10)
  2 centaur warriors
  5 two-headed ogres
  11 death yaks
  4 tengu warriors (D:13)
  5 orc high priests
  Urug (Lair:2)
  Nergalle (Orc:1)
  2 sea snakes
  An unseen horror (D:14)
  2 wizards
  5 harpies
  2 lindwurms (Lair:6)
  7 orc knights
  7 ugly things (D:15)
  A deep elf mage (D:14)
  9 orb spiders
  3 orc sorcerers
  2 cyclopes
  A salamander (D:15)
  10 wolf spiders
  A faun (Shoals:1)
  5 manticores
  A moth of wrath (Spider:3)
  11 black mambas
  3 elephants
  15 spiny frogs
  7 torpor snails
  2 gargoyles
  3 rime drakes
  8 demonic crawlers
  3 freezing wraiths
  8 komodo dragons
  6 merfolk
  3 meliai (D:15)
  8 trolls
  9 polar bears (Lair:6)
  18 jumping spiders
  A wind drake (Shoals:1)
  Prince Ribbit (Lair:2)
  3 tyrant leeches (Lair:6)
  8 hornets
  16 blink frogs
  11 hippogriffs
  2 dream sheep
  2 raiju (Lair:6)
  3 slime creatures (D:12)
  A snapping turtle (Shoals:1)
  Sigmund (D:6)
  47 redbacks
  A vampire (D:11)
  A shadow (D:13)
  A wraith (D:12)
  2 wyverns
  2 water elementals
  16 tarantellas
  3 basilisks
  23 yaks
  Eustachio (D:6)
  2 hungry ghosts
  3 vampire mosquitoes
  12 wargs
  An acid dragon (D:13)
  A soldier ant (D:15)
  13 hell hounds (Lair:6)
  11 porcupines
  11 water moccasins
  3 ice beasts
  49 orc warriors
  12 black bears
  3 sky beasts
  3 phantoms
  An eye of draining (D:14)
  11 ogres
  31 wolves
  6 centaurs
  3 necrophages
  14 crocodiles
  Blork the orc (D:5)
  28 bullfrogs
  A big kobold (D:10)
  2 wyvern skeletons
  5 scorpions
  8 killer bees
  38 wights
  4 electric eels
  5 howler monkeys
  3 centaur zombies
  7 crimson imps
  5 jellies
  A quasit (D:13)
  2 bullfrog zombies
  5 centaur skeletons
  17 hounds
  16 orc priests
  4 bullfrog skeletons
  25 orc wizards
  2 iguanas
  2 hell rats (Lair:2)
  8 worker ants
  A killer bee zombie (D:9)
  A hound zombie (D:7)
  A hound skeleton (D:8)
  A worker ant zombie (D:8)
  10 gnolls
  12 adders
  8 river rats (Lair:2)
  7 shadow imps
  An adder zombie (D:10)
  An adder skeleton (D:6)
  3 worms
  3 dart slugs
  9 leopard geckos
  73 orcs
  A ball python (D:4)
  6 giant cockroaches
  10 goblins
  8 hobgoblins
  16 jackals
  18 kobolds
  6 quokkas
  6 bats
  4 frilled lizards
  A giant cockroach zombie (D:6)
  A leopard gecko skeleton (D:4)
  A quokka zombie (D:8)
  8 rats
  7 fungi
  4 plants
972 creatures vanquished.

Vanquished Creatures (collateral kills)
  The ghost of Essalna the Warrior, an adept GrEE of Vehumet (Shoals:4)
  A kraken (Shoals:3)
  Aizul (Shoals:2)
  2 merfolk javelineers
  4 merfolk impalers
  A merfolk avatar (Shoals:4)
  2 merfolk aquamancers (Shoals:4)
  A catoblepas (Shoals:2)
  A satyr (Shoals:4)
  A death yak (Shoals:2)
  9 sea snakes
  3 harpies (Shoals:2)
  3 manticores
  2 cyclopes
  4 water nymphs
  4 merfolk sirens
  10 merfolk
  8 snapping turtles
  2 dream sheep (Shoals:3)
  3 water elementals
  A centaur (Shoals:1)
  39 plants
  4 tentacles (Shoals:3)
107 creatures vanquished.

Vanquished Creatures (others)
  Ilsuiw (Shoals:3)
  2 merfolk impalers
  2 merfolk javelineers (Shoals:3)
  A merfolk aquamancer (Shoals:4)
  A satyr (Shoals:4)
  An unseen horror (D:13)
  2 orb spiders (Spider:2)
  2 fauns
  6 merfolk
  A jumping spider (Spider:1)
  A snapping turtle (Shoals:3)
  2 dream sheep (Shoals:1)
  3 humans (D:12)
  A wyvern skeleton (D:12)
  An orc wizard (D:6)
  2 orcs (D:12)
  30 fungi
  30 plants
  11 tentacles (Shoals:3)
  6 withered plants (Spider:1)
106 creatures vanquished.

Grand Total: 1185 creatures vanquished

Notes
Turn   | Place    | Note
-------+----------+-------------------------------------------
     0 | D:1      | Mrkan the Minotaur Fighter began the quest for the Orb.
     0 | D:1      | Reached XP level 1. HP: 19/19 MP: 0/0
   218 | D:1      | Reached XP level 2. HP: 19/27 MP: 1/1
   344 | D:1      | Reached skill level 3 in Axes
   574 | D:1      | Reached XP level 3. HP: 33/33 MP: 2/2
   714 | D:2      | Found an opulent altar of Gozag.
   777 | D:2      | Became a worshipper of Gozag Ym Sagoz the Greedy
   836 | D:2      | Found a stormy altar of Qazlal.
   845 | D:2      | Reached skill level 1 in Dodging
  1176 | D:2      | Reached XP level 4. HP: 40/40 MP: 3/3
  2438 | D:4      | Found a transporter.
  2441 | D:4      | Found a transporter.
  2488 | D:4      | Reached skill level 4 in Axes
  2564 | D:4      | Reached XP level 5. HP: 47/47 MP: 4/4
  2925 | D:4      | Noticed a phantom
  2938 | D:4      | Killed a phantom
  2938 | D:4      | Reached skill level 5 in Axes
  2938 | D:4      | Reached XP level 6. HP: 41/53 MP: 5/5
  3071 | D:4      | Found an ancient bone altar of Kikubaaqudgha.
  3075 | D:4      | Noticed Menkaure
  3077 | D:4      | Found a staircase to the Ecumenical Temple.
  3200 | D:4      | Found a basalt altar of Yredelemnul.
  3202 | D:4      | Found the +27 Lear's hauberk
  3270 | D:4      | Found a bloodstained altar of Trog.
  3370 | D:5      | Entered Level 5 of the Dungeon
  3398 | D:5      | Noticed Blork the orc
  3409 | D:5      | Killed Blork the orc
  3486 | D:5      | Reached skill level 5 in Fighting
  3486 | D:5      | Reached skill level 5 in Armour
  3498 | D:5      | Reached skill level 5 in Shields
  3529 | D:5      | Reached XP level 7. HP: 58/61 MP: 6/6
  3737 | D:5      | Reached skill level 6 in Axes
  3817 | D:5      | Found a shadowy altar of Dithmenos.
  3895 | D:5      | Found a sacrificial altar of Ru.
  4628 | D:6      | HP: 3/61 [orc warrior/+0 dire flail of venom (15)]
  4630 | D:6      | Reached skill level 7 in Axes
  4630 | D:6      | Reached XP level 8. HP: 66/70 MP: 7/7
  4912 | D:6      | Reached skill level 8 in Axes
  4975 | D:6      | Found a snail-covered altar of Cheibriados.
  5053 | D:6      | Noticed Eustachio
  5097 | D:6      | Noticed Sigmund
  5143 | D:6      | Killed Sigmund
  5143 | D:6      | Reached XP level 9. HP: 66/78 MP: 8/8
  5155 | D:6      | Killed Eustachio
  5155 | D:6      | Reached skill level 5 in Dodging
  5241 | D:6      | Reached skill level 9 in Axes
  5366 | D:6      | Found a shimmering altar of Xom.
  6517 | D:7      | Reached skill level 10 in Axes
  7030 | D:8      | Found a flagged portal.
  7055 | Bailey   | Entered a bailey
  7397 | D:8      | Reached XP level 10. HP: 87/88 MP: 9/9
  7532 | D:8      | Noticed a five-headed hydra
  7856 | D:8      | Found a hazy altar of Hepliaklqana.
  8402 | D:9      | Noticed a two-headed ogre
  8415 | D:9      | Killed a two-headed ogre
  8415 | D:9      | Reached skill level 11 in Axes
  8698 | D:9      | Found a staircase to the Orcish Mines.
  9424 | D:10     | Entered Level 10 of the Dungeon
  9620 | D:10     | Found a staircase to the Lair.
 10415 | D:10     | Reached XP level 11. HP: 97/97 MP: 10/10
 10499 | D:10     | Noticed Erica
 10505 | D:10     | Killed Erica
 10505 | D:10     | Reached skill level 12 in Axes
 10888 | D:10     | Found a shimmering altar of Xom.
 11116 | D:11     | Noticed a two-headed ogre
 11125 | D:11     | Killed a two-headed ogre
 11172 | D:11     | Noticed Fannar
 11191 | D:11     | Killed Fannar
 11191 | D:11     | Reached skill level 10 in Fighting
 12073 | D:12     | Noticed Kirke
 12094 | D:11     | HP: 2/100 [Kirke (9)]
 12102 | D:11     | Killed Kirke
 12102 | D:11     | Reached skill level 10 in Armour
 12102 | D:11     | Reached skill level 10 in Shields
 12659 | Lair:1   | Entered Level 1 of the Lair of Beasts
 13128 | Lair:1   | Reached XP level 12. HP: 99/110 MP: 11/11
 14052 | Lair:2   | You fall into a shaft and drop 1 floor!
 14065 | Lair:3   | Noticed a death yak
 14067 | Lair:3   | Noticed a death yak
 14067 | Lair:3   | Noticed a death yak
 14068 | Lair:3   | Noticed a death yak
 14069 | Lair:3   | Noticed a death yak
 14070 | Lair:3   | Noticed a death yak
 14078 | Lair:2   | Killed a death yak
 14390 | Lair:2   | Noticed Urug
 14408 | Lair:2   | Killed Urug
 14508 | Lair:2   | Noticed Prince Ribbit
 14512 | Lair:2   | Killed Prince Ribbit
 14968 | Lair:2   | Noticed an eight-headed hydra
 14977 | Lair:2   | Killed an eight-headed hydra
 15420 | Lair:3   | Noticed a six-headed hydra
 15438 | Lair:3   | Killed a six-headed hydra
 15805 | Lair:3   | Found a hazy altar of Hepliaklqana.
 16029 | Lair:3   | Found a staircase to the Shoals.
 16156 | Lair:3   | Killed a death yak
 16172 | Lair:3   | Killed a death yak
 16172 | Lair:3   | Reached XP level 13. HP: 43/124 MP: 12/12
 17491 | Lair:3   | Reached skill level 15 in Fighting
 18600 | Lair:4   | Found a hole to the Spider Nest.
 19574 | Lair:5   | Reached skill level 13 in Axes
 20096 | Lair:6   | Entered Level 6 of the Lair of Beasts
 20210 | Lair:6   | Reached XP level 14. HP: 135/135 MP: 13/13
 20234 | Lair:6   | Found a runed translucent door.
 20359 | Lair:6   | Got a serpentine crystal amulet
 21606 | Lair:6   | Found a staircase to the Slime Pits.
 21748 | Lair:6   | Reached skill level 14 in Axes
 23569 | Lair:6   | Identified the amulet "Teiha" {rC+ rN+ Regen+} (You found
                  | it on level 6 of the Lair of Beasts)
 23934 | Orc:1    | Entered Level 1 of the Orcish Mines
 23937 | Orc:1    | Noticed Nergalle
 23954 | Orc:1    | Killed Nergalle
 24004 | Orc:2    | Entered Level 2 of the Orcish Mines
 24004 | Orc:2    | Found Boxzeiry's General Store.
 24004 | Orc:2    | Noticed an orc warlord
 24212 | D:9      | Killed an orc warlord
 24396 | Orc:2    | Gained mutation: You do not regenerate when monsters are
                  | visible. [a neqoxec]
 24617 | Orc:1    | Reached skill level 10 in Dodging
 24650 | Orc:1    | Reached skill level 15 in Axes
 24828 | Orc:2    | Bought a potion of might for 60 gold pieces
 24828 | Orc:2    | Bought a ration for 75 gold pieces
 24828 | Orc:2    | Bought a ration for 75 gold pieces
 25503 | Orc:2    | Reached XP level 15. HP: 141/141 MP: 14/14
 25514 | Orc:2    | Found Xiymaokice's Antique Weapon Shoppe.
 25527 | Orc:2    | Found Geluageb's Antique Armour Boutique.
 25580 | Orc:2    | Found a staircase to the Elven Halls.
 25653 | Orc:2    | Bought a broad axe for 92 gold pieces
 25749 | Orc:2    | Found Sakhlonk's Book Shoppe.
 26072 | Orc:1    | Found Jaosejo's Weapon Boutique.
 26072 | Orc:1    | Noticed Gastronok
 26087 | Orc:1    | Killed Gastronok
 27713 | D:13     | Found a gate to the Vaults.
 27779 | D:13     | Reached skill level 16 in Axes
 28536 | D:13     | Noticed an orc warlord
 28563 | D:13     | Killed an orc warlord
 28563 | D:13     | Reached skill level 15 in Armour
 28770 | D:13     | Reached skill level 15 in Shields
 28872 | D:13     | Found a roughly hewn altar of Beogh.
 29605 | D:14     | Found a shimmering blue altar of Sif Muna.
 29619 | D:14     | You fall into a shaft and drop 1 floor!
 29619 | D:15     | Entered Level 15 of the Dungeon
 30070 | D:15     | Reached skill level 17 in Axes
 30283 | D:15     | Found a staircase to the Depths.
 30515 | D:15     | Identified a scroll of acquirement
 31294 | Shoals:1 | Entered Level 1 of the Shoals
 31375 | Shoals:1 | Reached XP level 16. HP: 133/149 MP: 15/15
 31505 | Shoals:1 | Found Jokk's Weapon Shoppe.
 31802 | Shoals:1 | Noticed Frances
 32028 | Shoals:2 | Noticed Aizul
 32028 | Shoals:2 | Noticed Polyphemus
 32049 | Shoals:2 | Killed Aizul
 32120 | Shoals:2 | Noticed Ilsuiw
 32381 | Shoals:2 | Found Wuheon's Antique Weapon Boutique.
 32515 | Shoals:2 | Found Nuelot's Antique Armour Shoppe.
 32550 | Shoals:2 | Bought a crystal plate armour for 1760 gold pieces
 32844 | Shoals:3 | Noticed Bai Suzhen
 32926 | Shoals:3 | Noticed Nikola
 33229 | Shoals:3 | Noticed a kraken
 33231 | Shoals:3 | Killed a kraken
 33297 | Shoals:4 | Entered Level 4 of the Shoals
 33397 | Shoals:4 | Found a runed translucent gate.
 33397 | Shoals:4 | Found a runed translucent gate.
 33397 | Shoals:4 | Found a runed translucent gate.
 33397 | Shoals:4 | Noticed Essalna's ghost (adept GrEE)
 33410 | Shoals:4 | Killed Essalna's ghost
 33486 | Shoals:4 | Identified the Catalogue of Scorching Arcane Weapons
 33554 | Shoals:4 | Got a barnacled rune of Zot
 33735 | Shoals:4 | Reached skill level 18 in Axes
 34083 | Shoals:3 | Your ally died
 34098 | Shoals:3 | Killed Bai Suzhen
 34467 | Spider:1 | Entered Level 1 of the Spider Nest
 34467 | Spider:1 | Found a runed translucent gate.
 34467 | Spider:1 | Found a runed translucent gate.
 34467 | Spider:1 | Found a runed translucent gate.
 34472 | Spider:1 | Noticed Hastur's ghost (journeyman DsAr)
 34472 | Spider:1 | Noticed PirateVox's ghost (adept GnFE)
 35244 | Shoals:4 | Got a spiked plate armour
 35245 | Shoals:4 | Identified the +9 plate armour "Sazulog" {SInv} (You found
                  | it on level 4 of the Shoals)
 36031 | Spider:1 | Found the +9 staff of Wucad Mu {channel}
 36678 | Spider:2 | Reached XP level 17. HP: 127/160 MP: 16/16
 37212 | Spider:3 | HP: 7/161 [tarantella (18)]
 37214 | Spider:3 | Mangled by a tarantella

Illustrated notes

Levels and vault maps discovered:
D:1:      mushboom_english_gardens, layout_basic
D:2:      layout_loops_ring, nicolae_gozag_seed_capital, grunt_qazlal_sundering
D:3:      corexii_shack_village, layout_basic
D:4:      layout_loops_ring, gammafunk_temple_of_torment,
          minmay_temple_entry_mist, trog_hazing_becter, uniq_menkaure
D:5:      layout_basic, nicolae_dithmenos_through_a_glass_darkly,
          nicolae_ru_sacrificial_ziggurat, gup_sewer_entry_pipe, first_ration,
          minmay_misc_feat_hallway, uniq_blork_the_orc
D:6:      layout_basic, old_standard_altar, cheibriados_altar_1, uniq_sigmund,
          uniq_eustachio
D:7:      layout_basic
D:8:      layout_loops_ring, nicolae_overflow_crystal_walls, enter_bailey_2
D:9:      layout_irregular_city, orc_0_dummy
D:10:     layout_long_grid, erik_lair_island, basic_altar, hangedman_fish_farm,
          uniq_erica
D:11:     layout_gridville, uniq_fannar
D:12:     layout_irregular_city, minmay_checkerbox, uniq_kirke
D:13:     orc_temple, layout_stronghold, lightli_vaults_fourway_checkpoint,
          hangedman_aviary
D:14:     layout_loops_ring, lemuel_round_altar
D:15:     hangedman_depths_entry_try_elsewhere_first, layout_basic,
          hangedman_decor_lopped, hangedman_abyss_or_decor_passed
Lair:1:   layout_chaotic_city, minmay_lair_oklob_items, beast_lair_carwin_8
Lair:2:   layout_regular_city, minivault_23, st_stairs_13,
          grunt_forest_stairs_basic, kennysheep_rathole, uniq_prince_ribbit2,
          uniq_urug
Lair:3:   cheibrodos_lair_river_kwai, layout_layer_cave,
          elwin_shoals_entry_rooms, basic_altar, infiniplex_staircase_pool_2,
          grunt_megastairs_2
Lair:4:   layout_regular_city, spider_nest_entry_web_field,
          minmay_lair_oklob_bushes
Lair:5:   layout_misc_corridors, serial_bayou_shore_b
Lair:6:   hangedman_lair_caniforms_friends, layout_regular_city, wormcave,
          slime_dummy
Shoals:1: argonaut_golden_fleece, layout_shoals, serial_shops, shop_coins,
          uniq_frances
Shoals:2: layout_shoals, serial_shops, nicolae_shop_overgrown_old_shop,
          nicolae_shoals_c_island, uniq_polyphemus, uniq_ilsuiw, uniq_aizul
Shoals:3: layout_shoals, uniq_bai_suzhen, uniq_nikola
Shoals:4: shoals_end_grunt_ice, layout_shoals, shoals_ilsuiw_alternative,
          ebering_ghost_rock_garden
Spider:1: layout_spider_delve, gammafunk_ghost_cemetery
Spider:2: layout_spider_delve
Spider:3: layout_spider_delve, portal_ice_cave_entry_pillars_three,
          spiders_nest_ghost_moth_duel
Orc:1:    layout_diamond_mine, serial_shops, shop_coins, uniq_gastronok,
          uniq_nergalle
Orc:2:    grunt_orc_gardens, layout_diamond_mine, grunt_orc_garden,
          grunt_orc_garden, grunt_orc_garden, grunt_orc_garden

Skill      XL: |  1  2  3  4  5  6  7  8  9 10 11 12 13 14 15 16 17 |
---------------+----------------------------------------------------+-----
Axes           | 3 4 5 7 8 10 11 12 13 15 17 18 | 18.0
Fighting       | 4 5 6 7 9 11 14 15 16 17 | 17.0
Dodging        | 1 2 3 4 6 7 8 10 11 12 | 12.4
Shields        | 4 5 6 7 9 10 12 13 14 15 16 | 16.0
Armour         | 4 5 6 7 9 10 12 13 14 15 17 | 17.2

Action                   |  1- 3 |  4- 6 |  7- 9 | 10-12 | 13-15 | 16-18 || total
-------------------------+-------+-------+-------+-------+-------+-------++-------
Melee: War axe           |    89 |   147 |   377 |   622 |    92 |       ||  1327
       Headbutt          |    10 |    22 |    69 |   124 |   400 |   133 ||   758
       Unarmed           |       |       |       |    16 |       |       ||    16
       Morningstar       |       |       |       |    94 |   955 |       ||  1049
       Broad axe         |       |       |       |       |   637 |   577 ||  1214
Invok: Potion Petition   |       |       |     1 |     1 |     6 |       ||     8
       Bribe Branch      |       |       |       |       |     1 |       ||     1
  Use: Potion            |       |       |     2 |     5 |     1 |       ||     8
       Scroll            |       |       |       |    11 |    17 |    11 ||    39
 Stab: Distracted        |       |       |     1 |     2 |    16 |     4 ||    23
       Petrified         |       |       |       |       |       |     8 ||     8
  Eat: Ration            |       |     2 |     4 |     9 |    15 |     6 ||    36
Armor: Scale mail        |    48 |    27 |       |       |       |       ||    75
       Chain mail        |       |    35 |    32 |       |       |       ||    67
       Plate armour      |       |       |   146 |   212 |   529 |    24 ||   911
       Crystal plate arm |       |       |       |       |       |   276 ||   276
Dodge: Dodged            |    24 |    49 |   105 |   203 |   650 |   250 ||  1281
Block: Kite shield       |    52 |    85 |   171 |       |       |       ||   308
       Tower shield      |       |       |    64 |   643 |  1969 |   830 ||  3506

Table legend:
 A = Non-vault XP
 B = Vault XP
 C = Vault XP percentage of total XP
 D = Non-vault monster count
 E = Vault monster count
 F = Vault count percentage of total count
                 A         B        C        D         E       F
            +---------+---------+-------+---------+---------+-------
      Total |  140534 |   85729 |  37.9 |     762 |     267 |  25.9
            +---------+---------+-------+---------+---------+-------
        D:1 |      45 |       0 |   0.0 |      26 |       0 |   0.0
        D:2 |      53 |       0 |   0.0 |      14 |       0 |   0.0
        D:3 |      21 |      22 |  51.2 |       6 |      11 |  64.7
        D:4 |     326 |      11 |   3.3 |      18 |       6 |  25.0
        D:5 |     694 |     120 |  14.7 |      22 |       9 |  29.0
        D:6 |    1818 |     408 |  18.3 |      42 |       2 |   4.5
        D:7 |    1448 |       0 |   0.0 |      41 |       0 |   0.0
        D:8 |    1466 |       0 |   0.0 |      36 |       0 |   0.0
        D:9 |    2188 |    1736 |  44.2 |      32 |       1 |   3.0
       D:10 |    3540 |    1838 |  34.2 |      39 |       8 |  17.0
       D:11 |    1877 |    3024 |  61.7 |      14 |       2 |  12.5
       D:12 |    2693 |     907 |  25.2 |      19 |       4 |  17.4
       D:13 |    2232 |   18747 |  89.4 |      12 |      48 |  80.0
       D:14 |    6689 |       0 |   0.0 |      24 |       0 |   0.0
       D:15 |   11419 |    2793 |  19.7 |      35 |       4 |  10.3
     Lair:1 |    4554 |    1043 |  18.6 |      19 |       8 |  29.6
     Lair:2 |    4649 |    2782 |  37.4 |      17 |      18 |  51.4
     Lair:3 |    8330 |    7275 |  46.6 |      30 |      14 |  31.8
     Lair:4 |   10414 |       0 |   0.0 |      32 |       0 |   0.0
     Lair:5 |    5137 |       0 |   0.0 |      25 |       0 |   0.0
     Lair:6 |    8721 |   16694 |  65.7 |      20 |      73 |  78.5
   Shoals:1 |    3624 |    1097 |  23.2 |      12 |       1 |   7.7
   Shoals:2 |    5702 |    3971 |  41.1 |      18 |       6 |  25.0
   Shoals:3 |    5226 |    3872 |  42.6 |      15 |       1 |   6.2
   Shoals:4 |    2319 |    8106 |  77.8 |       8 |      23 |  74.2
   Spider:1 |   16149 |       0 |   0.0 |      54 |       0 |   0.0
   Spider:2 |   20701 |       0 |   0.0 |      54 |       0 |   0.0
   Spider:3 |    3032 |       0 |   0.0 |      11 |       0 |   0.0
      Orc:1 |    2784 |    7971 |  74.1 |      22 |      16 |  42.1
      Orc:2 |    2683 |    3312 |  55.2 |      45 |      12 |  21.1
            +---------+---------+-------+---------+---------+-------
